 Dungeon Crawl Stone Soup version 0.32-a0-868-g153ae1a8d6 (webtiles) character file.

Game seed: 3058701858989307321

227343 Biggs the Marksgoblin (level 18, 0/149 HPs)
             Began as a Coglin Hunter on Mar 28, 2024.
             Was the Champion of Okawaru.
             Incinerated by a smoke demon (17 damage)
             ... with a pyre arrow
             ... on level 1 of the Orcish Mines.
             The game lasted 00:53:15 (24475 turns).

Biggs the Marksgoblin (Coglin Hunter)              Turns: 24475, Time: 00:53:15

Health: 0/149      AC: 32    Str: 15    XL:     18   Next: 92%
Magic:  24/24      EV: 25    Int: 11    God:    Okawaru [******]
Gold:   2392       SH:  0    Dex: 28    Spells: 17/17 levels left

rFire   . . .        p - +8 hand cannon (flame) {Sachi}
rCold   . . .        E - +2 hand cannon (elec) {Kenzo}
rNeg    + . .        M - +7 pearl dragon scales
rPois   +            y - +1 hat "Foffaeto" {Regen+ Int+3 Dex+2}
rElec   +            o - +1 cloak of Starlight {*Dazzle EV+4 Stlth--}
rCorr   +            J - +2 pair of gloves {Str+3}
SInv    .            k - +0 pair of boots {Fly}
Will    +....        (amulet unavailable) Stlth
                     (ring unavailable)
HPRegen 1.24/turn    (ring unavailable)
MPRegen 0.19/turn    N - gigaactuated sprocket {Gadgeteer, rElec rPois rCorr}

%: no passive effects
@: on fire, flying, glowing, studying 3 skills, revved
A: off-hand wielding, slow wielding, warmup strikes, no jewellery
}: 2/15 runes: barnacled, gossamer
a: Renounce Religion, Heroism, Finesse, Duel


You were on level 1 of the Orcish Mines.
You worshipped Okawaru.
Okawaru was exalted by your worship.
You visited 6 branches of the dungeon, and saw 29 of its levels.
You also visited: Ice Cave.

You collected 2692 gold pieces.
You spent 300 gold pieces at shops.

Inventory:

Hand Weapons
 p - a +8 hand cannon of flaming (weapon) {Sachi}
 E - a +2 hand cannon of electrocution (offhand) {Kenzo}
 P - a +0 hand cannon of freezing
Missiles
 h - 5 throwing nets
Armour
 k - a +0 pair of boots of flying (worn)
 o - the +1 cloak of Starlight (worn) {*Dazzle EV+4 Stlth--}
   (You acquired it on level 9 of the Dungeon)

   *Dazzle:   It may blind those who miss an attack against the wearer in melee
   combat.
   EV+4:      It affects your evasion (+4).
   Stlth--:   It makes you much less stealthy.
 y - the +1 hat "Foffaeto" (worn) {Regen+ Int+3 Dex+2}
   (Okawaru gifted it to you on level 1 of the Lair of Beasts)

   Int+3:     It affects your intelligence (+3).
   Dex+2:     It affects your dexterity (+2).
   Regen+:    It increases your rate of health regeneration.
 J - a +2 pair of gloves of strength (worn)
 M - +7 pearl dragon scales (worn)
Gizmo
 N - a gigaactuated sprocket (installed) {Gadgeteer, rElec rPois rCorr}
   (You invented it yourself on level 1 of the Lair of Beasts)

   [gigaactuated sprocket]

   Gadgeteer: Your evocable items recharge 30% faster and wands have a 30%
   chance to not spend a charge.
   rElec:     It insulates you from electricity.
   rPois:     It protects you from poison.
   rCorr:     It protects you from acid and corrosion.
Wands
 a - a wand of digging (21)
 c - a wand of charming (21)
 w - a wand of flame (96)
 H - a wand of warping (3)
 Q - a wand of polymorph (4)
 U - a wand of mindburst (1)
Scrolls
 b - a scroll of butterflies
 d - 2 scrolls of summoning
 f - 2 scrolls of vulnerability
 g - 3 scrolls of torment
 i - 5 scrolls of revelation
 j - 7 scrolls of blinking
 l - 3 scrolls of amnesia
 n - a scroll of identify
 t - 5 scrolls of teleportation
 u - 2 scrolls of fog
 A - 2 scrolls of brand weapon
 G - a scroll of immolation
 K - 5 scrolls of poison
 L - a scroll of noise
 O - a scroll of fear
Potions
 e - 7 potions of mutation
 m - 5 potions of haste
 q - 4 potions of might
 r - 11 potions of heal wounds
 s - 2 potions of lignification
 v - 5 potions of attraction {unknown}
 x - 5 potions of enlightenment
 z - 9 potions of curing
 B - 3 potions of magic {unknown}
 C - 6 potions of brilliance
 D - 7 potions of ambrosia
 F - 3 potions of resistance {unknown}
 I - 3 potions of invisibility {unknown}
 R - 2 potions of degeneration {unknown}
 S - a potion of cancellation {unknown}
Miscellaneous
 T - a condenser vane


   Skills:
 + Level 15.3 Fighting
 - Level 18.0 Ranged Weapons
 - Level 14.3 Armour
 - Level 16.4 Dodging
 - Level 0.7 Stealth
 - Level 9.0 Invocations


You had 17 spell levels left.
You didn't know any spells.
Your spell library contained the following spells:

 Spells                   Type           Power      Damage    Failure   Level
 Apportation              Tloc           0%         N/A       75%         1
 Kiss of Death            Conj/Necr      0%         2d5       75%         1
 Necrotise                Necr           0%         1d4       75%         1
 Jinxbite                 Hex            0%         N/A       86%         2
 Mercury Vapours          Alch/Air       0%         N/A       86%         2
 Static Discharge         Conj/Air       0%         3-3/arc   86%         2
 Confusing Touch          Hex            0%         N/A       98%         3
 Frozen Ramparts          Ice            0%         1d1       98%         3
 Hailstorm                Conj/Ice       0%         3d5       98%         3
 Mephitic Cloud           Conj/Alch/Air  0%         N/A       98%         3
 Ozocubu's Armour         Ice            0%         N/A       98%         3
 Sigil of Binding         Hex            0%         N/A       98%         3
 Vampiric Draining        Necr           0%         2d6       98%         3
 Airstrike                Air            0%         2d(0-16)  100%        4
 Cause Fear               Hex            0%         N/A       100%        4
 Dimensional Bullseye     Hex/Tloc       0%         N/A       100%        4
 Dispel Undead            Necr           0%         3d6       100%        4
 Olgreb's Toxic Radiance  Alch           0%         N/A       100%        4
 Passage of Golubria      Tloc           0%         N/A       100%        4
 Alistair's Intoxication  Alch           0%         N/A       100%        5
 Curse of Agony           Necr           0%         N/A       100%        5
 Fireball                 Conj/Fire      0%         3d3       100%        5
 Freezing Cloud           Conj/Ice/Air   0%         6-21      100%        5
 Metabolic Englaciation   Hex/Ice        0%         N/A       100%        5
 Yara's Violent Unravell  Hex/Alch       0%         3d3       100%        5
 Eringya's Noxious Bog    Alch           0%         4d6       100%        6
 Enfeeble                 Hex            0%         N/A       100%        7
 Ozocubu's Refrigeration  Ice            0%         4d7       100%        7
 Discord                  Hex            0%         N/A       100%        8
 Call Canine Familiar     Summ           Unusable   N/A       N/A         3
 Tukima's Dance           Hex            Unusable   N/A       N/A         3
 Martyr's Knell           Necr/Summ      Unusable   N/A       N/A         4
 Summon Lightning Spire   Summ/Air       Unusable   N/A       N/A         4
 Summon Forest            Summ/Tloc      Unusable   N/A       N/A         5
 Sculpt Simulacrum        Ice/Alch       Unusable   N/A       N/A         6
 Summon Hydra             Summ           Unusable   N/A       N/A         7
 Dragon's Call            Summ           Unusable   N/A       N/A         9

Dungeon Overview and Level Annotations

Branches:
Dungeon (14/15)            Temple (1/1) D:5            Lair (5/5) D:11
 Shoals (4/4) Lair:3       Spider (4/4) Lair:3        Slime (0/5) Lair:4
    Orc (1/2) D:10          IceCv (visited)
 Vaults: D:13-14

Altars:
Ashenzari
Cheibriados
Dithmenos
Elyvilon
Fedhas
Gozag
Hepliaklqana
Kikubaaqudgha
Makhleb
Nemelex Xobeh
Okawaru
Qazlal
Ru
Sif Muna
Trog
Uskayaw
Vehumet
Wu Jian
Xom
Yredelemnul
Zin
The Shining One

Shops:
D:3 :   D:7 ?   D:9 *[   D:14 (   Orc:1 :   Shoals:1 **   Shoals:4 =

Annotations:
D:14 1 runed translucent door


Innate Abilities, Weirdness & Mutations

You can wield a second weapon in your off-hand.
It takes a long time for you to wield or remove held weapons.
Your first few attacks do less damage.
You cannot equip rings or amulets.


Message History

The ynoxinul disappears in a puff of smoke!
The liquid fire burns you!
You hear a shout!
The orc priest invokes the aid of Beogh against you.
Beogh smites you!
* * * LOW HITPOINT WARNING * * *
An orc knight comes into view. It is wielding a +0 war axe.
Fire: p) +8 hand cannon (flame) {Sachi}
Press: ? - help, Q - select action, (/) - cycle Shift-Dir - straight line, f - orc priest
Aim: an orc priest, wielding a +0 club (80% to hit)
You shoot a slug. The slug hits the orc priest!!
Lightning courses through the orc priest!
You kill the orc priest!
Okawaru accepts your kill.
You shoot a slug. The liquid fire burns you!
* * * LOW HITPOINT WARNING * * *
You hear a shout! x2
Unknown command.
Fire: p) +8 hand cannon (flame) {Sachi}
Press: ? - help, Q - select action, (/) - cycle Shift-Dir - straight line, f - orc knight
Aim: an orc knight, wielding a +0 war axe and wearing a +0 chain mail (78% to hit)
You shoot a slug. The slug barely misses the orc knight.
You shoot a slug. The slug hits the orc knight!
The slug burns the orc knight.
The orc knight is lightly wounded.
The liquid fire burns you!
* * * LOW HITPOINT WARNING * * *
You hear a shout! x2
Fire: p) +8 hand cannon (flame) {Sachi}
Press: ? - help, Q - select action, (/) - cycle Shift-Dir - straight line, f/p - orc knight
Aim: an orc knight, wielding a +0 war axe and wearing a +0 chain mail (lightly wounded, 78% to hit)
You shoot a slug.
The slug hits the orc knight but does no damage.
The orc knight is lightly wounded.
You shoot a slug.
The slug hits the orc knight but does no damage.
The orc knight is lightly wounded.
The liquid fire burns you!
You die...

.....>.§..... ##.....)
........##..####.#......
.#..........##..........
....##.....)#.......†...
....#........#.# .....$.
#...#.....#..o.##.......
...............☼○.$.....
#..............☼@°......
.............##°#○......
......#.....######......
....)......## ......
.##........# $#...
#......#...# .. ..
)....####### .. .
.)..#..# ... .#........


You could see an orc knight.

Vanquished Creatures
  Arachne (Spider:2)
  An Ice Fiend (IceCv)
  Rupert (D:13)
  The ghost of MadMike78 the Unforgettable, an adept GnWn of Hepliaklqana (Shoals:3)
  A kraken (Shoals:3)
  Polyphemus (Shoals:4)
  Ilsuiw (Shoals:4)
  Donald (Shoals:3)
  Roxanne (Spider:1)
  The ghost of Ifaampeo the Warrior, a journeyman MDDe of Beogh (Spider:3)
  3 emperor scorpions (Spider:4)
  3 ghost moths
  5 broodmothers
  5 merfolk impalers
  A spark wasp (Spider:3)
  A fire dragon (D:13)
  5 merfolk javelineers (Shoals:4)
  8 entropy weavers
  5 vault guards
  Josephine (D:12)
  Harold (D:9)
  Fannar (Orc:1)
  2 radroaches
  2 hydras
  A death knight (D:13)
  4 jorogumos (Spider:4)
  2 catoblepae
  3 centaur warriors
  2 alligator snapping turtles
  7 two-headed ogres
  4 merfolk avatars
  6 boulder beetles
  7 merfolk aquamancers
  An orc high priest (Orc:1)
  12 demonic crawlers
  3 death yaks (Shoals:4)
  6 skysharks
  7 pharaoh ants
  A kraken simulacrum (Shoals:4)
  12 sea snakes
  2 bog bodies (Shoals:2)
  4 sun moths
  11 orb spiders
  7 spriggan simulacra (IceCv)
  An obsidian statue (IceCv)
  6 steelbarb worms
  A deep elf archer (D:13)
  A necromancer (Lair:5)
  A deep elf pyromancer (D:13)
  23 harpies
  13 manticores
  2 cyclopes
  19 wolf spiders
  An ugly thing (D:13)
  Maurice (D:8)
  14 fauns
  A moth of wrath (Spider:3)
  A kobold blastminer (Orc:1)
  Joseph (D:8)
  12 merfolk sirens
  11 elephants
  10 meliai
  5 black mambas
  7 water nymphs
  An ice statue (Lair:2)
  9 torpor snails
  12 cane toads
  9 rime drakes
  Maggie (D:7)
  An unseen horror (D:12)
  An unseen horror (shapeshifter) (D:13)
  A yaktaur (D:13)
  A golden dragon simulacrum (IceCv)
  8 komodo dragons
  4 freezing wraiths
  2 kobold demonologists (D:12)
  9 ice devils (IceCv)
  10 trolls
  A polar bear (shapeshifter) (D:13)
  6 polar bears
  27 merfolk
  8 wind drakes
  A hornet (Lair:5)
  Grinder (D:5)
  Prince Ribbit (D:7)
  4 dream sheep (Lair:5)
  14 tarantellas
  5 snapping turtles
  15 blink frogs
  6 slime creatures
  A centaur simulacrum (D:13)
  20 culicivoras
  35 jumping spiders
  A shadow (D:10)
  8 water elementals
  53 yaks
  10 wraiths
  A basilisk (D:13)
  A fire bat (shapeshifter) (D:13)
  5 wyverns
  2 wargs (Orc:1)
  A death yak simulacrum (Lair:5)
  3 steam dragons
  6 vampire mosquitoes (D:10)
  43 redbacks
  8 minotaur simulacra (IceCv)
  4 harpy simulacra (IceCv)
  Duvessa (D:5)
  9 water moccasins
  4 hydra simulacra
  4 orc warriors
  10 ice beasts
  3 black bears
  An ettin simulacrum (IceCv)
  4 centaurs
  2 ogres
  16 wolves
  3 phantoms
  5 kobold brigands
  10 bullfrogs
  A gnoll sergeant (D:9)
  7 deep troll simulacra (IceCv)
  2 scorpions
  4 wights (D:7)
  Dowan (D:5)
  3 elephant simulacra (Lair:5)
  6 killer bees (D:9)
  A lindwurm simulacrum (IceCv)
  2 electric eels
  3 howler monkeys
  8 orc priests
  4 hounds
  7 jellies
  A bombardier beetle (D:3)
  2 gnoll boudas
  3 sleepcaps
  2 iguanas (D:5)
  8 orc wizards
  7 hell rats
  8 ogre zombies (D:10)
  4 adders
  32 gnolls
  2 shadow imps
  3 white imps
  4 hell rat simulacra (Lair:5)
  4 dart slugs
  5 ribbon worms
  41 orcs
  11 endoplasms
  2 giant cockroaches
  A gnoll zombie (D:10)
  8 goblins
  4 hobgoblins
  25 jackals
  17 kobolds
  3 quokkas
  6 ball pythons
  6 bats
  3 frilled lizards
  3 gnoll skeletons (D:10)
  10 orc skeletons (D:10)
  11 orc zombies (D:10)
  3 rats
  3 tentacles
1009 creatures vanquished.

Vanquished Creatures (others)
  9 tentacles
9 creatures vanquished.

Grand Total: 1018 creatures vanquished

Notes
Turn   | Place    | Note
-------+----------+-------------------------------------------
     0 | D:1      | Biggs the Coglin Hunter began the quest for the Orb.
     0 | D:1      | Reached XP level 1. HP: 16/16 MP: 1/1
   129 | D:1      | Reached skill level 4 in Ranged Weapons
   129 | D:1      | Reached XP level 2. HP: 22/22 MP: 2/2
   191 | D:1      | Found The Oracle's Delphic Readings.
   314 | D:1      | Reached XP level 3. HP: 21/27 MP: 3/3
   364 | D:1      | Found a faded altar of an unknown god.
  1231 | D:2      | Reached skill level 5 in Ranged Weapons
  1231 | D:2      | Reached XP level 4. HP: 32/33 MP: 4/4
  1710 | D:3      | Reached XP level 5. HP: 27/38 MP: 5/5
  1769 | D:3      | Found Tehoci's Book Shop.
  1860 | D:3      | Reached skill level 6 in Ranged Weapons
  1950 | D:4      | Noticed a water moccasin
  1999 | D:3      | Killed a water moccasin
  2000 | D:3      | Reached XP level 6. HP: 11/44 MP: 6/6
  2223 | D:4      | Reached skill level 7 in Ranged Weapons
  2295 | D:4      | Noticed a black bear
  2307 | D:4      | Killed a black bear
  2308 | D:4      | Reached XP level 7. HP: 38/50 MP: 7/7
  2978 | D:4      | Reached XP level 8. HP: 56/56 MP: 8/8
  3311 | D:4      | Reached skill level 8 in Ranged Weapons
  3474 | D:5      | Entered Level 5 of the Dungeon
  3474 | D:5      | Found a staircase to the Ecumenical Temple.
  3488 | Temple   | Entered the Ecumenical Temple
  3742 | D:5      | Reached skill level 9 in Ranged Weapons
  3773 | D:5      | Noticed Duvessa
  3779 | D:5      | Noticed Dowan
  3795 | D:5      | Killed Duvessa
  3802 | D:5      | Killed Dowan
  4286 | D:5      | Noticed Grinder
  4303 | D:5      | Killed Grinder
  4304 | D:5      | Reached skill level 10 in Ranged Weapons
  4304 | D:5      | Reached XP level 9. HP: 36/61 MP: 9/9
  4413 | D:5      | Reached skill level 5 in Dodging
  4891 | D:6      | Found an iron altar of Okawaru.
  4918 | D:6      | Became a worshipper of Warmaster Okawaru
  5908 | D:7      | Found Ecesk's Magic Scroll Shop.
  5913 | D:7      | Bought a scroll of identify for 20 gold pieces
  5913 | D:7      | Bought a scroll of identify for 20 gold pieces
  5913 | D:7      | Bought a scroll of identify for 20 gold pieces
  5913 | D:7      | Bought a scroll of enchant weapon for 75 gold pieces
  5913 | D:7      | Bought a scroll of enchant weapon for 75 gold pieces
  5967 | D:7      | Reached skill level 5 in Fighting
  5991 | D:7      | Reached * piety under Okawaru
  6351 | D:7      | Found a hide-covered altar of Uskayaw.
  6351 | D:7      | Found a shimmering altar of Xom.
  6358 | D:7      | Found a snail-covered altar of Cheibriados.
  6360 | D:7      | Found a hazy altar of Hepliaklqana.
  6362 | D:7      | Found a radiant altar of Vehumet.
  6498 | D:7      | Noticed Prince Ribbit
  6498 | D:7      | Noticed Maggie
  6515 | D:7      | Killed Maggie
  6516 | D:7      | Reached skill level 11 in Ranged Weapons
  6516 | D:7      | Reached XP level 10. HP: 46/76 MP: 10/10
  6522 | D:7      | Killed Prince Ribbit
  6747 | D:8      | Noticed Joseph
  6760 | D:8      | Killed Joseph
  7046 | D:8      | Found a shimmering blue altar of Sif Muna.
  7048 | D:8      | Found a bloodstained altar of Trog.
  7288 | D:8      | Noticed Maurice
  7305 | D:8      | Something stole 292 gold
  7355 | D:9      | Noticed a two-headed ogre
  7493 | D:9      | Identified 2 scrolls of acquirement
  7494 | D:9      | Acquired the +1 cloak of Starlight {*Dazzle EV+4 Stlth--}
  7494 | D:9      | Found the +1 cloak of Starlight {*Dazzle EV+4 Stlth--}
  7507 | D:9      | Acquired a +2 hand cannon of flaming
  7539 | D:9      | Reached ** piety under Okawaru
  7593 | D:9      | Reached skill level 12 in Ranged Weapons
  7707 | D:9      | Found Fielaam's Elemental Accessories.
  7738 | D:9      | Killed a two-headed ogre
  7770 | D:9      | Identified the +8 short sword of Ujajoroff {protect, Int+7}
  7903 | D:9      | Found Fuonwon's Antique Armour Emporium.
  7918 | D:9      | Noticed Harold
  7925 | D:9      | Killed Harold
  7925 | D:9      | Reached *** piety under Okawaru
  7926 | D:9      | Reached skill level 13 in Ranged Weapons
  8292 | D:8      | Something stole a throwing net
  8293 | D:8      | Killed Maurice
  8327 | D:8      | Found a stormy altar of Qazlal.
  8335 | D:8      | Found an opulent altar of Gozag.
  8340 | D:8      | Found an ancient bone altar of Kikubaaqudgha.
  8520 | D:10     | Entered Level 10 of the Dungeon
  8837 | D:10     | Reached XP level 11. HP: 81/81 MP: 11/11
  8920 | D:10     | Reached skill level 14 in Ranged Weapons
  8934 | D:10     | Found a staircase to the Orcish Mines.
  8974 | D:10     | Reached **** piety under Okawaru
  9130 | D:10     | Noticed a two-headed ogre
  9134 | D:10     | Killed a two-headed ogre
  9524 | D:11     | Found a staircase to the Lair.
  9553 | D:11     | Noticed a two-headed ogre
  9557 | D:11     | Killed a two-headed ogre
  9583 | D:11     | Noticed a two-headed ogre
  9698 | Orc:1    | Entered Level 1 of the Orcish Mines
  9713 | Orc:1    | Found Igo Jem's Book Shoppe.
  9723 | Orc:1    | Reached ***** piety under Okawaru
  9809 | D:11     | Killed a two-headed ogre
  9870 | D:11     | Noticed a two-headed ogre
  9874 | D:11     | Noticed a two-headed ogre
  9875 | D:11     | Killed a two-headed ogre
  9876 | D:11     | Reached XP level 12. HP: 88/88 MP: 12/12
  9879 | D:11     | Killed a two-headed ogre
 10127 | Lair:1   | Entered Level 1 of the Lair of Beasts
 10155 | Lair:1   | Reached skill level 10 in Dodging
 10390 | Lair:1   | Received a gift from Okawaru
 10391 | Lair:1   | Reached skill level 15 in Ranged Weapons
 10392 | Lair:1   | Reached ****** piety under Okawaru
 10395 | Lair:1   | Acquired the +1 hat "Foffaeto" {Regen+ Int+3 Dex+2}
 10395 | Lair:1   | Received a gift from Okawaru
 10402 | Lair:1   | Acquired a +2 hand cannon of freezing
 10402 | Lair:1   | Received a gift from Okawaru
 10485 | Lair:1   | Received a gift from Okawaru
 10998 | Lair:2   | Reached skill level 16 in Ranged Weapons
 11117 | Lair:2   | Reached XP level 13. HP: 93/93 MP: 13/13
 11202 | Lair:2   | Received a gift from Okawaru
 11633 | Lair:2   | Reached skill level 17 in Ranged Weapons
 11868 | Lair:2   | Acquired a +2 pair of gloves of strength
 12105 | Lair:3   | Found a hole to the Spider Nest.
 12448 | Lair:3   | Found a staircase to the Shoals.
 12766 | Lair:4   | Received a gift from Okawaru
 12909 | Lair:4   | Reached skill level 18 in Ranged Weapons
 12914 | Lair:4   | Reached skill level 1 in Invocations
 13138 | Lair:4   | Found a staircase to the Slime Pits.
 13139 | Lair:4   | Received a gift from Okawaru
 13188 | Lair:4   | Identified the +2 leather armour of the Valley {*Slow rElec
                  | rN+ Will+}
 13473 | Lair:5   | Entered Level 5 of the Lair of Beasts
 13580 | Lair:5   | Reached skill level 5 in Invocations
 13641 | Lair:5   | Reached XP level 14. HP: 100/100 MP: 16/18
 13660 | Lair:5   | Received a gift from Okawaru
 13918 | Lair:5   | Found the ring of the Octopus King
 14010 | Lair:5   | Received a gift from Okawaru
 14709 | Lair:2   | Identified the ring of Otoronti {rPois Str-2 Int+5 Slay+4}
 14741 | Lair:1   | Acquired a gigaactuated sprocket {Gadgeteer, rElec rPois
                  | rCorr}
 14841 | D:12     | Reached skill level 1 in Armour
 14878 | D:12     | Noticed Josephine
 14883 | D:12     | Killed Josephine
 14983 | D:12     | Received a gift from Okawaru
 15172 | D:12     | Identified the +1 plate armour of the Griffon {Int+2}
 15195 | D:12     | Found a blossoming altar of Fedhas.
 15482 | D:13     | Noticed Rupert
 15487 | D:13     | Killed Rupert
 15596 | D:13     | Reached skill level 5 in Armour
 15635 | D:13     | Reached XP level 15. HP: 76/105 MP: 21/21
 15639 | D:13     | Received a gift from Okawaru
 16395 | D:14     | Found a runed translucent gate.
 16399 | D:14     | Found Ukashresm's Antique Weapon Emporium.
 16450 | D:13     | Received a gift from Okawaru
 16607 | Spider:1 | Entered Level 1 of the Spider Nest
 16786 | Spider:1 | Reached skill level 10 in Armour
 16814 | Spider:1 | Received a gift from Okawaru
 17126 | Spider:1 | Received a gift from Okawaru
 17201 | Spider:1 | Noticed Roxanne
 17211 | Spider:1 | Killed Roxanne
 17212 | Spider:1 | Reached XP level 16. HP: 113/113 MP: 22/22
 17534 | Spider:2 | Noticed Arachne
 17543 | Spider:2 | Killed Arachne
 17612 | Spider:2 | Received a gift from Okawaru
 18071 | Spider:3 | Reached skill level 10 in Fighting
 18137 | Spider:3 | Found a runed translucent door.
 18137 | Spider:3 | Noticed Ifaampeo's ghost (journeyman MDDe)
 18353 | Spider:3 | Received a gift from Okawaru
 18739 | Spider:3 | Killed Ifaampeo's ghost
 18823 | Spider:4 | Entered Level 4 of the Spider Nest
 19070 | Spider:4 | Received a gift from Okawaru
 19122 | Spider:4 | Identified the +7 flail "Tuoryecy" {flame, rF+ Will- Str+2}
 19352 | Spider:4 | Reached XP level 17. HP: 137/137 MP: 23/23
 19423 | Spider:4 | Received a gift from Okawaru
 19833 | Spider:4 | Received a gift from Okawaru
 19876 | Spider:4 | Reached skill level 15 in Fighting
 19945 | Spider:4 | Got a gossamer rune of Zot
 19948 | Spider:4 | Identified the scarf of the Trilobite {harm, rF- rN+ Will+
                  | Stlth+}
 20216 | Shoals:1 | Entered Level 1 of the Shoals
 20346 | Shoals:1 | Received a gift from Okawaru
 20408 | Shoals:1 | Found Kejecs's Specific Store.
 20411 | Shoals:1 | Found Gatus's General Store.
 20416 | Shoals:1 | Bought a scroll of identify for 36 gold pieces
 20416 | Shoals:1 | Bought a potion of curing for 54 gold pieces
 20800 | Shoals:2 | Found a glacial archway.
 20815 | IceCv    | Entered an ice cave
 20866 | IceCv    | Received a gift from Okawaru
 20939 | IceCv    | Identified the +6 mace "Teileiq" {elec, *Slow rF+ Int+5}
 21145 | IceCv    | Noticed an Ice Fiend
 21152 | IceCv    | Killed an Ice Fiend
 21264 | IceCv    | Identified the ring "Daocoej" {rPois Str-3 Dex+6 Slay+4}
 21271 | IceCv    | Got Exyxad's Quarto of Algor
 21522 | Shoals:2 | Acquired a manual of Dodging
 21548 | Shoals:2 | Reached XP level 18. HP: 149/149 MP: 24/24
 21804 | Shoals:2 | Received a gift from Okawaru
 22523 | Shoals:3 | Found a runed translucent door.
 23031 | Shoals:3 | Noticed MadMike78's ghost (adept GnWn)
 23045 | Shoals:3 | Killed MadMike78's ghost
 23141 | Shoals:4 | Entered Level 4 of the Shoals
 23141 | Shoals:4 | Noticed Donald
 23153 | Shoals:3 | Killed Donald
 23237 | Shoals:4 | Received a gift from Okawaru
 23545 | Shoals:4 | Found Adu Nedaghi's Jewellery Boutique.
 23570 | Shoals:4 | Reached skill level 15 in Dodging
 23677 | Shoals:4 | Noticed Ilsuiw
 23687 | Shoals:4 | Killed Ilsuiw
 23790 | Shoals:4 | Identified the +2 short sword "Janesuih" {freeze, rElec}
 23886 | Shoals:4 | Noticed Polyphemus
 23897 | Shoals:4 | Killed Polyphemus
 23974 | Shoals:4 | Received a gift from Okawaru
 24043 | Shoals:4 | Got a barnacled rune of Zot
 24076 | Shoals:4 | Identified the +8 battleaxe of Sloth {venom, rF+ Dex+4
                  | Stlth+}
 24395 | Orc:1    | Noticed Fannar
 24402 | Orc:1    | Killed Fannar
 24475 | Orc:1    | Incinerated by a smoke demon

Illustrated notes

Levels and vault maps discovered:
D:1:      saegor_arrival_miasma, layout_basic,
          shapermc_ecumenical_altar_totnotflames, nicolae_nh_oracle_at_delphi
D:2:      layout_loops_ring, chequers_serial_rivers_large_b
D:3:      layout_rooms, serial_shops, nicolae_shop_statue_plus, serial_glass,
          glass_columns_a, glass_columns_a, glass_columns_a, nrook_loot_triangle
D:4:      lemuel_castle_with_subvaults [lemuel_castle_interior_original],
          layout_basic
D:5:      layout_basic, minmay_temple_entry_glass, uniq_duvessa, uniq_grinder
D:6:      layout_layer_cave, kennysheep_okawaru_gauntlet
D:7:      layout_loops_ring, chequers_temple_overflow_minitemple, serial_shops,
          nicolae_shop_just_a_little_nook, uniq_prince_ribbit1, uniq_maggie
D:8:      layout_loops_cross, hellmonk_overflow_destroyed_library,
          minmay_overflow_temple_star_quad, uniq_joseph, uniq_maurice
D:9:      layout_rooms, serial_shops, nicolae_shop_behind_doors,
          nicolae_elemental_shop, minmay_splitting_lines, minivault_1,
          uniq_harold
D:10:     layout_loops_ring, zombieorc2_lemuel
D:11:     layout_cave_pools, lair_entry_dummy
D:12:     layout_small_grid, amcnicky_mini_corridor_feature, fedhas_altar_3,
          uniq_josephine
D:13:     minmay_the_grid_octo_triangle [minmay_the_grid_octo_focus,
          minmay_the_grid_octo_prize_star, minmay_the_grid_octo_pinwheel],
          layout_irregular_city, uniq_rupert
D:14:     layout_layer_cave, erik_vaults_2, nicolae_ru_path_of_blood,
          serial_shops, nicolae_shop_advertising_works
          [nicolae_subvault_shop_adworks], biasface_ghost_orc_armoury
Temple:   nicolae_temple_ecumenical_triangle
Lair:1:   layout_regular_city
Lair:2:   layout_hall_layers, ice2_lemuel, serial_bayou_shore_a,
          lemuel_fruit_tree, grunt_megastairs_3
Lair:3:   layout_cave_pods, mainiacjoe_shoals_entry_four_pools,
          spider_nest_entry_a, grunt_megastairs_4
Lair:4:   wad_woods_04, layout_big_grid, slime_entry_2, lemuel_fruit_fields,
          infiniplex_staircase_pool_2
Lair:5:   gammafunk_lair_ancient_temple, layout_cave_pods,
          chequers_serial_rivers_small_a, eino_house_with_fridge
Shoals:1: layout_shoals, nicolae_specific_store, nicolae_shoals_dead_sea_scrolls
Shoals:2: layout_shoals, portal_ice_cave_entry_pillars_2,
          nicolae_shoals_secluded_bog
Shoals:3: layout_shoals, ebering_ghost_reflecting_pool
Shoals:4: shoals_end_grunt_ice, layout_shoals, shoals_ilsuiw_ice, serial_shops,
          nicolae_shop_just_a_little_nook, uniq_donald, uniq_polyphemus
Spider:1: layout_spider_delve, nicolae_spider_checkerboard, uniq_roxanne
Spider:2: layout_spider_delve, drop_trap, uniq_arachne
Spider:3: layout_spider_delve, gammafunk_ghost_grave
Spider:4: hellmonk_spider_rune_endless_swarm, nicolae_spider_world_wide_web
Orc:1:    layout_caves, serial_shops, nicolae_diamond_shop, shop,
          nicolae_shop_drivethru, uniq_fannar, uniq_snorg

Skill      XL: |  1  2  3  4  5  6  7  8  9 10 11 12 13 14 15 16 17 18 |
---------------+-------------------------------------------------------+-----
Ranged Weapons | 4 5 6 7 10 11 13 14 16 18 | 18.0
Dodging        | 4 5 9 10 16 | 16.4
Fighting       | 6 13 15 | 15.3
Invocations    | 5 9 |  9.0
Armour         | 6 11 14 | 14.3
Stealth        | |  0.7

Action                     |  1- 3 |  4- 6 |  7- 9 | 10-12 | 13-15 | 16-18 || total
---------------------------+-------+-------+-------+-------+-------+-------++-------
   Fire: Sling             |   212 |   228 |   866 |   383 |       |       ||  1689
         Hand cannon       |       |       |       |   393 |  1302 |  1782 ||  3477
 Invoke: Receive Weapon    |       |       |       |     1 |       |       ||     1
         Receive Armour    |       |       |       |     1 |       |       ||     1
         Finesse           |       |       |       |       |     1 |     2 ||     3
Ability: Invent Gizmo      |       |       |       |       |     1 |       ||     1
    Use: Potion            |       |     2 |     2 |       |     3 |       ||     7
         Scroll            |       |       |     9 |    16 |     7 |    12 ||    44
 Armour: Leather armour    |    31 |       |       |       |       |       ||    31
         Ring mail         |    11 |    57 |   146 |    72 |       |       ||   286
         Steam dragon scal |       |       |       |    15 |       |       ||    15
         Troll leather arm |       |       |       |    38 |    90 |       ||   128
         Pearl dragon scal |       |       |       |       |   113 |   441 ||   554
  Dodge: Dodged            |    24 |    40 |   108 |   209 |   352 |   770 ||  1503

Table legend: (Time is in decaauts)
 A = Elapsed time spent in this place.
 B = Non-inter-level travel time spent in this place.
 C = Inter-level travel time spent in this place.
 D = Time resting spent in this place.
 E = Time spent auto-exploring this place.
 F = Levels seen in this place.
 G = Mean time per level.
                   A        B        C        D        E       F      G
               +--------+--------+--------+--------+--------+-----+--------+
         Total |  25037 |  23642 |   1395 |    760 |  18210 |  30 |  834.6 |
       Dungeon |  12047 |  11491 |    556 |    526 |   8815 |  14 |  860.5 |
        Temple |      2 |      2 |      0 |      0 |      0 |   1 |    2.0 |
          Lair |   5059 |   4548 |    511 |    114 |   3646 |   5 | 1011.8 |
        Shoals |   3676 |   3487 |    189 |     44 |   2704 |   4 |  919.0 |
   Spider Nest |   3529 |   3392 |    137 |      4 |   2639 |   4 |  882.2 |
  Orcish Mines |    162 |    162 |      0 |      0 |     82 |   1 |  162.0 |
      Ice Cave |    559 |    559 |      0 |     72 |    322 |   1 |  559.0 |
               +--------+--------+--------+--------+--------+-----+--------+

Top non-repeatable levels by time:
     D:4: 1463 daAuts
Spider:4: 1324 daAuts
    D:10: 1197 daAuts
  Lair:5: 1186 daAuts
Shoals:2: 1180 daAuts
     D:6: 1151 daAuts
  Lair:3: 1093 daAuts
  Lair:2: 1084 daAuts
Shoals:4: 1038 daAuts
     D:7: 1020 daAuts
     D:5: 1012 daAuts
     D:9: 963 daAuts
  Lair:1: 956 daAuts
Shoals:3: 875 daAuts
     D:8: 856 daAuts
